AoeStats
← 夜清尘

MegaRandom

509303905Analyzed
4v4 RM · 7d ago on Sep 26, 2026· 17m 12s· 8 players
Game mode
Random Map
Map size
Large (8 player)
Population
200
Speed
Normal
Resources
Standard
Victory
Conquest
Starting age
Dark Age
Ending age
Imperial Age
RankedLock teamsTeams togetherTeam positionsShared explorationLock speedFull tech treeHidden civsTurbo modeCheats
Victory
Defeat
🇨🇿 Vikings · Czechia
1193
+14
🇨🇳 Aztecs · China
1186
+14
🇭🇰 Hindustanis · Hong Kong SAR China
1158
+15
🇧🇩 Portuguese · Bangladesh
1136
+15
🇨🇳 Mongols · China
1407
-26
🇨🇳 Vietnamese · China
1082
-12
🇭🇰 Varangians · Hong Kong SAR China
972
-8
imkl
9:51 Loom
12:16 Feudal Age
12:54 Double-Bit Axe
15:22 Horse Collar
ImranAOE
4:46 Loom
12:37 Feudal Age
16:36 Castle Age
15:54 Double-Bit Axe
15:53 Horse Collar
16:28 Fletching
EliSnipeR
13:49 Feudal Age
14:03 Loom
飞翔的圣光
11:09 Feudal Age
12:21 Loom
17:16 Castle Age
15:33 Horse Collar
15:40 Double-Bit Axe
叫声乌鸦哥
4:09 Loom
11:55 Feudal Age
12:35 Double-Bit Axe
15:17 Castle Age
13:38 Fishing Lines
我说狂阿七比肥龙强,B站关注狂阿七谢谢喵
11:52 Feudal Age
13:22 Double-Bit Axe
夜清尘
13:15 Feudal Age
16:51 Castle Age
14:40 Double-Bit Axe
15:48 Horse Collar
15:57 Loom
16:48 Wheelbarrow
LLK是给
9:13 Loom
11:47 Feudal Age
12:36 Double-Bit Axe
13:26 Town Watch
16:42 Castle Age
Connection lost

Rejoining the realm…

Still unreachable

The connection could not be restored.

Session expired

The server has moved on; the page needs a fresh start.